 Dungeon Crawl Stone Soup version 0.31-a0-819-gf6de2f5ab6 (webtiles) character file.

Game seed: 14084501641559107256

105 DApurpleWHUMPUS the Conjurer (level 5, -8/35 HPs)
             Began as a Human Conjurer on Sept 24, 2023.
             Mangled by a gnoll
             ... wielding a +0 flail of protection
              (13 damage)
             ... on level 2 of the Dungeon.
             The game lasted 00:06:40 (3421 turns).

DApurpleWHUMPUS the Conjurer (Human Conjurer)       Turns: 3421, Time: 00:06:41

Health: -8/35      AC:  3    Str:  8    XL:     5   Next: 9%
Magic:  3/10       EV: 11    Int: 20    God:
Gold:   115        SH:  0    Dex: 11    Spells: 10/11 levels left

rFire   . . .        g - staff of earth
rCold   . . .        (no shield)
rNeg    . . .        q - +0 leather armour
rPois   .            (no helmet)
rElec   .            (no cloak)
rCorr   .            (no gloves)
SInv    .            (no boots)
Will    .....        o - amulet of the acrobat
Stlth   ++           (no ring)
HPRegen 0.25/turn    (no ring)
MPRegen 0.12/turn

%: acrobat
@: no status effects
A: no striking features
a: no special abilities


You were on level 2 of the Dungeon.
You visited 1 branch of the dungeon, and saw 3 of its levels.

You collected 115 gold pieces.

Inventory:

Missiles
 k - 2 curare-tipped darts
Armour
 a - a +0 robe
 p - a +0 robe
 q - a +0 leather armour (worn)
Magical Staves
 g - a staff of earth (weapon)
Jewellery
 o - an amulet of the acrobat (around neck)
Scrolls
 c - 3 scrolls of fear {unknown}
 d - 2 scrolls of amnesia {unknown}
 f - 5 scrolls of identify {unknown}
 i - a scroll of enchant weapon {unknown}
 j - a scroll of vulnerability {unknown}
Potions
 b - a potion of magic
 e - a potion of berserk rage {unknown}
 l - a potion of attraction {unknown}
 m - a potion of heal wounds {unknown}
 n - 2 potions of mutation {unknown}


   Skills:
 - Level 2.0 Dodging
 - Level 2.0 Stealth
 * Level 3.8 Spellcasting
 + Level 4.7 Conjurations


You had 10 spell levels left.
You knew the following spells:

 Your Spells              Type           Power      Damage    Failure   Level
a - Magic Dart            Conj           88%        1d7       2%          1

Your spell library contained the following spells:

 Spells                   Type           Power      Damage    Failure   Level
 Searing Ray              Conj           44%        2d6       4%          2
 Dazzling Flash           Conj/Hex       26%        N/A       22%         3
 Sublimation of Blood     Necr           3%         N/A       28%         2
 Fulminant Prism          Conj/Hex       6%         3d7       56%         4
 Iskenderun's Mystic Bla  Conj/Tloc      13%        2d5       56%         4
 Petrify                  Tmut/Erth      5%         N/A       88%         4
 Irradiate                Conj/Tmut      6%         3d13      89%         5


Dungeon Overview and Level Annotations

Branches:
Dungeon (3/15)

Altars:
Cheibriados

Annotations:
D:3 3 runed translucent doors, pokeman's ghost, weakling DEHW


Message History

The gnoll is severely wounded.
The gnoll hits you from afar with a +0 halberd!
Casting: Magic Dart (safe; 2% risk of failure)
Confirm with . or Enter, or press ? or * to list all spells.
Aiming: Magic Dart (safe; 2% risk of failure)
Press: ? - help, Shift-Dir - straight line, f/p - gnoll
Aim: a gnoll, wielding a +0 halberd (severely wounded, 100% to hit)
You miscast Magic Dart.
You are very lightly contaminated with residual magic.
Nothing appears to happen.
The gnoll hits you from afar with a +0 halberd!
* * * LOW HITPOINT WARNING * * *
The gnoll closely misses you.
You climb upwards.
There is a stone staircase leading down here.
The gnoll attacks as it pursues you! The gnoll completely misses you.
Your magical contamination has completely faded away.
The gnoll attacks as it pursues you!
The gnoll hits you with a +0 flail of protection!
* * * LOW HITPOINT WARNING * * *
It was a potion of curing.
You feel better. The gnoll barely misses you.
Okay, then.
Casting: Magic Dart (safe; 2% risk of failure)
Confirm with . or Enter, or press ? or * to list all spells.
Aiming: Magic Dart (safe; 2% risk of failure)
Press: ? - help, Shift-Dir - straight line, f - gnoll
Aim: a gnoll, wielding a +0 flail of protection (lightly wounded, 100% to hit)
The magic dart hits the gnoll but does no damage.
The gnoll is lightly wounded.
The gnoll hits you with a +0 flail of protection!
* * * LOW HITPOINT WARNING * * *
Casting: Magic Dart (safe; 2% risk of failure)
Confirm with . or Enter, or press ? or * to list all spells.
Aiming: Magic Dart (safe; 2% risk of failure)
Press: ? - help, Shift-Dir - straight line, f/p - gnoll
Aim: a gnoll, wielding a +0 flail of protection (lightly wounded, 100% to hit)
The magic dart hits the gnoll.
The gnoll is lightly wounded.
The gnoll hits you with a +0 flail of protection!
You die...

#......#..............# #....
###....#......#.........#####....
.......#.####.#.####........#<...
.......#.(..............###......
.......#...##..######.#.# #....##
...###.#.#.##..#...##.#.###....##
...# #...#.....#.#.##.......#....
...###########.#<#.##..........#.
........# #.#@#.............#.
........# #.#g#####.........#.
........######......>..#....>....
........#........#####...##..####
.[......#................##...# #
........#.......######...###..# #
........#.......# #......# #(.###
........#.......# #......# #.....
#########......)# #......# #.####


You could see a gnoll.

Vanquished Creatures
  A gnoll (D:1)
  2 adders (D:3)
  A worm (D:3)
  A dart slug (D:1)
  4 orcs (D:3)
  3 endoplasms
  A giant cockroach (D:2)
  10 goblins
  4 hobgoblins
  2 jackals (D:1)
  6 quokkas
  10 ball pythons
  5 bats
  4 frilled lizards (D:1)
  3 kobolds (D:1)
  14 rats
71 creatures vanquished.

Notes
Turn   | Place    | Note
-------+----------+-------------------------------------------
     0 | D:1      | DApurpleWHUMPUS the Human Conjurer began the quest for the
                  | Orb.
     0 | D:1      | Reached XP level 1. HP: 13/13 MP: 3/3
   306 | D:1      | Reached XP level 2. HP: 19/19 MP: 3/5
   961 | D:1      | Reached XP level 3. HP: 23/24 MP: 7/7
  1679 | D:1      | Reached XP level 4. HP: 30/30 MP: 4/8
  2413 | D:2      | Found a snail-covered altar of Cheibriados.
  3259 | D:3      | Reached XP level 5. HP: 35/35 MP: 6/10
  3317 | D:3      | Found a runed translucent gate.
  3318 | D:3      | Found a runed translucent gate.
  3319 | D:3      | Found a runed translucent gate.
  3319 | D:3      | Noticed pokeman's ghost (weakling DEHW)
  3321 | D:3      | Noticed a black bear
  3418 | D:2      | HP: 1/35 [gnoll/+0 flail of protection (7)]
  3421 | D:2      | Mangled by a gnoll

Illustrated notes

Levels and vault maps discovered:
D:1:      amcnicky_arrival_abandoned_market, layout_basic,
          minmay_rat_gold_closets
D:2:      layout_basic, basic_altar
D:3:      layout_loops_ring, bloody_trog, gammafunk_ghost_split

Skill      XL: |  1  2  3 |
---------------+----------+-----
Spellcasting   | 3 |  3.8
Dodging        | |  2.0
Stealth        | |  2.0
Conjurations   | |  4.7

Action                     |  1- 3 |  4- 6 || total
---------------------------+-------+-------++-------
  Melee: Staff             |    12 |     6 ||    18
   Cast: Magic Dart        |    57 |    75 ||   132
    Use: Potion            |       |     1 ||     1
   Stab: Sleeping          |     1 |       ||     1
 Armour: Robe              |    14 |     8 ||    22
         Leather armour    |       |     7 ||     7
  Dodge: Dodged            |    11 |    18 ||    29

Table legend: (Time is in decaauts)
 A = Elapsed time spent in this place.
 B = Non-inter-level travel time spent in this place.
 C = Inter-level travel time spent in this place.
 D = Time resting spent in this place.
 E = Time spent auto-exploring this place.
 F = Levels seen in this place.
 G = Mean time per level.
                   A        B        C        D        E       F      G
               +--------+--------+--------+--------+--------+-----+--------+
         Total |   3425 |   3369 |     56 |   1073 |   1893 |   3 | 1141.7 |
       Dungeon |   3425 |   3369 |     56 |   1073 |   1893 |   3 | 1141.7 |
               +--------+--------+--------+--------+--------+-----+--------+

Top non-repeatable levels by time:
     D:1: 2157 daAuts
     D:3: 714 daAuts
     D:2: 552 daAuts
